 Dungeon Crawl Stone Soup version 0.29.1-15-g9cfb28693d (webtiles) character file.

Game seed: 10442209934062812835

298 Ast3rio the Magician (level 6, -1/33 HPs)
             Began as a Deep Elf Earth Elementalist on Mar 28, 2023.
             Slain by a mummy (4 damage)
             ... in an ossuary.
             The game lasted 00:07:22 (3212 turns).

Ast3rio the Magician (Deep Elf Earth Elementalist)  Turns: 3212, Time: 00:07:22

Health: -1/33      AC:  2    Str:  5    XL:     6   Next: 13%
Magic:  10/17      EV: 12    Int: 22    God:
Gold:   238        SH:  0    Dex: 15    Spells: 14/17 levels left

rFire   . . .      SeeInvis .   h - +0 dagger (speed)
rCold   . . .      Faith    .   (no shield)
rNeg    . . .      Spirit   .   a - +0 robe
rPois   .          Reflect  .   (no helmet)
rElec   .          Harm     .   (no cloak)
rCorr   .          Rampage  .   (no gloves)
Will    .....                   (no boots)
Stlth   ++........              (no amulet)
HPRegen 0.11/turn               (no ring)
MPRegen 0.15/turn               (no ring)

@: no status effects
A: no striking features
a: no special abilities


You were in an ossuary.
You visited 1 branch of the dungeon, and saw 4 of its levels.
You also visited: Ossuary.

You collected 238 gold pieces.

Inventory:

Hand Weapons
 h - a +0 dagger of speed (weapon)
Armour
 a - a +0 robe (worn)
Scrolls
 f - 7 scrolls of identify {unknown}
 g - a scroll of summoning {unknown}
 i - a scroll of noise {unknown}
 j - a scroll of fear {unknown}
 l - a scroll of enchant armour {unknown}
 m - a scroll of fog {unknown}
 p - a scroll of poison {unknown}
Potions
 b - a potion of might {unknown}
 c - a potion of invisibility {unknown}
 d - 6 potions of curing {unknown}
 e - 3 potions of lignification {unknown}
 k - 2 potions of attraction {unknown}
 n - a potion of brilliance {unknown}
 o - a potion of mutation {unknown}
 q - a potion of degeneration {unknown}


   Skills:
 * Level 0.7 Fighting
 * Level 1.1 Short Blades
 + Level 2.5 Dodging
 + Level 2.6 Stealth
 * Level 6.3 Spellcasting
 + Level 1.1 Transmutations
 * Level 5.4 Earth Magic
 + Level 0.1 Evocations


You had 14 spell levels left.
You knew the following spells:

 Your Spells              Type           Power      Damage    Failure   Level
a - Sandblast             Erth           60%        2d14      1%          1
b - Searing Ray           Conj           12%        2d4       14%         2

Your spell library contained the following spells:

 Spells                   Type           Power      Damage    Failure   Level
 Passwall                 Tmut/Erth      17%        N/A       3%          2
 Magic Dart               Conj           24%        1d4       9%          1
 Stone Arrow              Conj/Erth      36%        3d9       9%          3
 Petrify                  Tmut/Erth      21%        N/A       22%         4
 Fulminant Prism          Conj/Hex       3%         3d6       65%         4


Dungeon Overview and Level Annotations

Branches:
Dungeon (4/15)            Ossuary (1/1)
 Temple: D:4-7

Altars:

Shops:
D:2 =

Annotations:
D:4 Eustachio


Message History

* * * LOW HITPOINT WARNING * * *
The orc zombie hits you but does no damage.
The kobold zombie misses you.
You are too injured to fight recklessly!
You are too injured to fight recklessly!
You are too injured to fight recklessly!
You are too injured to fight recklessly!
You are too injured to fight recklessly!
Casting: Sandblast (safe; 1% risk of failure)
Confirm with . or Enter, or press ? or * to list all spells.
Aiming: Sandblast (safe; 1% risk of failure)
Press: ? - help, Shift-Dir - straight line, f - hobgoblin zombie
Aim: a hobgoblin zombie (94% to hit)
The blast of sand hits the hobgoblin zombie!
You destroy the hobgoblin zombie!
The mummy closely misses you. The orc zombie misses you.
The kobold zombie barely misses you. The hobgoblin zombie hits you.
* * * LOW HITPOINT WARNING * * *
Casting: Sandblast (safe; 1% risk of failure)
Confirm with . or Enter, or press ? or * to list all spells.
Aiming: Sandblast (safe; 1% risk of failure)
Press: ? - help, Shift-Dir - straight line, f - orc zombie
Aim: an orc zombie (94% to hit)
The blast of sand hits the orc zombie!
You destroy the orc zombie!
The kobold zombie completely misses you.
The orc zombie closely misses you. The hobgoblin zombie hits you.
* * * LOW HITPOINT WARNING * * *
The mummy closely misses you. The mummy misses you.
Casting: Sandblast (safe; 1% risk of failure)
Confirm with . or Enter, or press ? or * to list all spells.
Aiming: Sandblast (safe; 1% risk of failure)
Press: ? - help, Shift-Dir - straight line, f - orc zombie
Aim: an orc zombie (94% to hit)
The blast of sand hits the orc zombie!!
You destroy the orc zombie!
The kobold zombie hits you but does no damage.
The hobgoblin zombie misses you. The orc zombie barely misses you.
The mummy barely misses you. The mummy hits you.
You die...

..... ##..## ..
.....##....##..
................
..............
............
#........#
#ZMMZ..# #@Z..#
#ZZ..# #....#
#....# #....#
#....# #....#
#....# #.∩∩.#


You could see 2 mummies, a hobgoblin zombie, 2 gnoll zombies, a kobold zombie
and an orc zombie.

Vanquished Creatures
  A scorpion (D:3)
  3 orc priests (D:3)
  2 mummies (Ossuary)
  Robin (D:2)
  4 adders
  A shadow imp (D:3)
  2 dart slugs
  3 orcs (D:3)
  8 ball pythons
  5 bats
  7 endoplasms
  9 goblins (D:2)
  4 hobgoblins
  4 kobolds
  2 quokkas
  3 frilled lizards
  A hobgoblin zombie (Ossuary)
  2 orc zombies (Ossuary)
  7 rats
69 creatures vanquished.

Vanquished Creatures (others)
  A plant (D:3)
1 creature vanquished.

Grand Total: 70 creatures vanquished

Notes
Turn   | Place    | Note
-------+----------+-------------------------------------------
     0 | D:1      | Ast3rio the Deep Elf Earth Elementalist began the quest for
                  | the Orb.
     0 | D:1      | Reached XP level 1. HP: 10/10 MP: 6/6
   140 | D:1      | Reached XP level 2. HP: 15/15 MP: 4/8
   991 | D:2      | Found a faded altar of an unknown god.
  1010 | D:2      | Reached XP level 3. HP: 19/19 MP: 8/10
  1010 | D:2      | Noticed Robin
  1013 | D:2      | Killed Robin
  1015 | D:2      | Reached skill level 4 in Spellcasting
  1751 | D:2      | Found Urufu's Jewellery Emporium.
  1912 | D:3      | Reached XP level 4. HP: 24/24 MP: 10/12
  1913 | D:3      | Noticed a scorpion
  1917 | D:3      | Killed a scorpion
  1918 | D:3      | Reached skill level 5 in Spellcasting
  1966 | D:3      | Reached skill level 5 in Earth Magic
  1966 | D:3      | Reached XP level 5. HP: 28/28 MP: 12/14
  2142 | D:3      | Found a transporter.
  2191 | D:3      | Found a transporter.
  2222 | D:3      | Reached skill level 6 in Spellcasting
  2538 | D:3      | Identified the +5 spear of Conservatism {vorpal, rElec rC+
                  | rCorr}
  2673 | D:3      | Reached skill level 1 in Short Blades
  2673 | D:3      | Reached XP level 6. HP: 17/33 MP: 13/17
  3135 | D:3      | Learned a level 2 spell: Searing Ray
  3184 | D:4      | Found a sand-covered staircase.
  3192 | D:4      | Noticed Eustachio
  3194 | Ossuary  | Entered an ossuary
  3212 | Ossuary  | Slain by a mummy

Illustrated notes

Levels and vault maps discovered:
D:1:      ncdulo_wetmaze, layout_rooms
D:2:      layout_loops_corners, serial_shops, nicolae_shop_stone,
          basic_ecumenical_altar, nicolae_titane, uniq_robin
D:3:      gammafunk_wand_slinger, layout_basic, minmay_fractal_squares_5
D:4:      layout_rooms, portal_sewer_entry_b, enter_ossuary_1,
          grunt_decor_arrowhead, uniq_eustachio, uniq_edmund
Ossuary:  ossuary_tomb_3

Skill      XL: |  1  2  3  4  5 |
---------------+----------------+-----
Earth Magic    | 4 5 |  5.4
Spellcasting   | 4 5 6 |  6.3
Short Blades   | 1 |  1.1
Fighting       | |  0.7
Dodging        | |  2.5
Stealth        | |  2.6
Transmutations | |  1.1
Evocations     | |  0.1

Action                   |  1- 3 |  4- 6 || total
-------------------------+-------+-------++-------
Melee: Dagger            |     6 |    28 ||    34
       Unarmed           |     4 |       ||     4
       Punch             |       |     1 ||     1
 Cast: Sandblast         |    44 |    38 ||    82
Evoke: Wand              |       |     9 ||     9
  Use: Potion            |       |     1 ||     1
Armor: Robe              |     4 |    22 ||    26
Dodge: Dodged            |     8 |    53 ||    61
